 Dungeon Crawl Stone Soup version 0.29-a0-653-gd47aff6735 (webtiles) character file.

Game seed: 14062398712910544469

437 YayAnonymity the Ruffian (level 7, -3/61 HPs)
             Began as a Ghoul Monk on June 22, 2022.
             Killed by divine providence
             ... invoked by an orc priest
              (12 damage)
             ... on level 5 of the Dungeon.
             The game lasted 00:08:03 (4851 turns).

YayAnonymity the Ruffian (Ghoul Monk)               Turns: 4851, Time: 00:08:03

Health: -3/61      AC: 12    Str: 17    XL:     7   Next: 1%
Magic:  15/15      EV:  7    Int:  5    God:
Gold:   144        SH:  0    Dex: 11    Spells: 6/6 levels left

rFire   . . .      SeeInvis .     - Unarmed
rCold   + . .      Faith    .   (no shield)
rNeg    + + +      Spirit   .   e - +1 chain mail
rPois   ∞          Reflect  .   (no helmet)
rElec   .          Harm     .   o - +2 cloak
rCorr   .          Rampage  .   (no gloves)
Will    +....                   (no boots)
Stlth   ..........              (no amulet)
HPRegen 0.00/turn               h - ring of willpower
MPRegen 0.14/turn               r - ring of magical power

@: inhibited regen
A: claws 1, cold resistance 1, negative energy resistance 3, inhibited
regeneration, torment resistance 2, devour on kill
a: no special abilities


You were on level 5 of the Dungeon.
You visited 2 branches of the dungeon, and saw 7 of its levels.

You collected 267 gold pieces.
You spent 123 gold pieces at shops.

Inventory:

Hand Weapons
 b - a +1 hand axe of venom
Missiles
 l - 6 silver javelins (quivered)
Armour
 e - a +1 chain mail (worn)
 o - a +2 cloak (worn)
Jewellery
 h - a ring of willpower (left claw)
 r - a ring of magical power (right claw)
Wands
 n - a wand of iceblast (11)
Scrolls
 f - a scroll of enchant weapon {unknown}
 g - 2 scrolls of teleportation
 j - a scroll of fear {unknown}
 p - a scroll of identify
Potions
 a - 2 potions of brilliance
 c - a potion of flight
 d - 2 potions of curing
 i - a potion of heal wounds {unknown}
 k - a potion of ambrosia
 m - a potion of attraction {unknown}
 u - 2 potions of haste {unknown}


   Skills:
 - Level 5.0 Fighting
 + Level 4.2 Dodging
 - Level 2.1 Stealth
 * Level 6.3 Unarmed Combat


You had 6 spell levels left.
You didn't know any spells.
Your spell library was empty.

Dungeon Overview and Level Annotations

Branches:
Dungeon (6/15)             Temple (1/1) D:6

Altars:
Ashenzari
Cheibriados
Elyvilon
Kikubaaqudgha
Okawaru
Ru
Trog
Uskayaw
Vehumet
Yredelemnul
Zin
The Shining One

Shops:
D:3 ?   D:4 ?

Annotations:
D:3 3 runed translucent doors, Jackthecabe's ghost, amateur MfGl


Innate Abilities, Weirdness & Mutations

You are immune to poison.
You have sharp fingernails.
Your flesh is cold resistant. (rC+)
You are immune to negative energy. (rN+++)
You do not regenerate when monsters are visible.
You are immune to unholy pain and torment.
You thrive by killing the living.


Message History

You scratch the scorpion.
The scorpion is heavily wounded.
The scorpion stings you.
You claw the scorpion!
You kill the scorpion!
You hear some strange, mumbled words.
A puff of flame appears from out of thin air!
The puff of flame hits you!
Training target 5.0 for Fighting reached!
Your Fighting skill increases to level 5!
You have reached level 7!
You scratch the orc.
The orc is severely wounded.
You barely miss something.
The orc wizard casts a spell.
The orc wizard flickers and vanishes!
You miss something. Something hits you but does no damage.
You barely miss something. You scratch the orc but do no damage.
You closely miss the orc. The orc hits you but does no damage.
You scratch the orc.
The orc is heavily wounded.
The orc hits you but does no damage.
You scratch the orc.
You kill the orc!
You miss something. Something hits you but does no damage.
You scratch something.
You hear some strange, mumbled words.
A puff of flame appears from out of thin air!
The puff of flame hits you!
* * * LOW HITPOINT WARNING * * *
You miss something. Something hits you.
* * * LOW HITPOINT WARNING * * *
You miss something. Something hits you but does no damage.
You miss something. Something hits you but does no damage.
You miss something. You miss something. Something hits you but does no damage.
The orc priest mumbles some strange prayers to Beogh against you.
Beogh smites you!
You die...

*,* *,* #.# ,,* *,* #.#
######## ,,* *,* #.# #......#
,,** *,* #.# #.####.# ,,,* *,*
#.########.####.######## ,,,*
*,* #............#.......Y.Y
,,,***,*
##########.#.#..########
,,,,**,* #....#.#,,* ,,,,**,*
#####*#@####.#,,* ,,,,,*,*
#....##{#o...#,,* ,***,*,*
#.....{oo....#,,******** **
*,,,* #..o...oo....#,,,,,,,,,,
**,,**#...≈....≈...#,*********
*,,,,.?...........#,* *
**>**#.....≈≈.....#,** * ***
#....?≈≈.....#,,* *
#............#*,* *


You could see an orc priest and 3 orcs.

Vanquished Creatures
  An ogre (D:4)
  A necrophage (D:6)
  A scorpion (D:5)
  A hound (D:6)
  A jelly (D:5)
  7 adders
  4 gnolls
  2 adder zombies (D:3)
  A dart slug (D:3)
  2 orcs
  8 bats
  4 endoplasms
  A giant cockroach (D:1)
  3 goblins
  3 hobgoblins
  4 jackals (D:1)
  2 quokkas (D:2)
  7 ball pythons
  3 frilled lizards
  7 kobolds
  6 rats
69 creatures vanquished.

Notes
Turn   | Place    | Note
-------+----------+-------------------------------------------
     0 | D:1      | YayAnonymity the Ghoul Monk began the quest for the Orb.
     0 | D:1      | Reached XP level 1. HP: 19/19 MP: 0/0
   241 | D:1      | Reached XP level 2. HP: 26/26 MP: 1/1
   806 | D:1      | Reached XP level 3. HP: 28/31 MP: 2/2
   813 | D:1      | Reached skill level 4 in Unarmed Combat
  1331 | D:2      | Found a faded altar of an unknown god.
  1427 | D:2      | Reached XP level 4. HP: 38/40 MP: 3/3
  2180 | D:3      | Found Zaodoaw's Magic Scroll Boutique.
  2210 | D:3      | Bought a scroll of magic mapping for 45 gold pieces
  2210 | D:3      | Bought a scroll of identify for 26 gold pieces
  2210 | D:3      | Bought a scroll of identify for 26 gold pieces
  2210 | D:3      | Bought a scroll of identify for 26 gold pieces
  2217 | D:3      | Found a runed translucent gate.
  2217 | D:3      | Found a runed translucent gate.
  2217 | D:3      | Found a runed translucent gate.
  2217 | D:3      | Noticed Jackthecabe's ghost (amateur MfGl)
  2219 | D:3      | Found a basalt altar of Yredelemnul.
  2371 | D:3      | Reached XP level 5. HP: 46/46 MP: 4/4
  2524 | D:3      | Reached skill level 5 in Unarmed Combat
  3013 | D:4      | Found Xinomec's Magic Scroll Shop.
  3143 | D:4      | Noticed an ogre
  3157 | D:4      | Killed an ogre
  3158 | D:4      | Reached XP level 6. HP: 6/53 MP: 5/5
  3538 | D:4      | Found an ancient bone altar of Kikubaaqudgha.
  3814 | D:4      | Noticed a +0 dagger
  3815 | D:4      | Noticed a +0 hand axe
  3816 | D:4      | Found a hide-covered altar of Uskayaw.
  4160 | D:5      | Entered Level 5 of the Dungeon
  4185 | D:5      | Noticed a yak
  4185 | D:5      | Noticed a yak
  4285 | D:6      | Reached skill level 6 in Unarmed Combat
  4323 | D:6      | Found a staircase to the Ecumenical Temple.
  4331 | Temple   | Entered the Ecumenical Temple
  4837 | D:5      | Reached skill level 5 in Fighting
  4837 | D:5      | Reached XP level 7. HP: 23/61 MP: 6/6
  4851 | D:5      | Killed from afar by an orc priest

Illustrated notes

Levels and vault maps discovered:
D:1:      shiori_shiawase, layout_basic
D:2:      layout_basic, shapermc_ecumenical_altar_venn, minivault_19,
          grunt_decor_junction, kennysheep_generic_room_12
D:3:      layout_basic, nicolae_yredelemnul_ghost_church, serial_shops, shop,
          hangedman_decor_push, grunt_decor_fettered
D:4:      layout_basic, dancing_weapons_uskayaw, mainiacjoe_overflow_alcove_2,
          serial_shops, nicolae_inconvenience_store,
          eino_small_chamber_without_monster, chequers_avenue
D:5:      layout_basic, grunt_decor_cap, skrybe_limestone_x
D:6:      layout_basic, grunt_temple_overflow_open, grunt_gozag_breadcrumbs,
          minmay_temple_entry_junction, minivault_11,
          dreamdust_princess_corridor
Temple:   compressed_dpeg_triangle_lava_temple

Skill      XL: |  1  2  3  4  5  6 |
---------------+-------------------+-----
Dodging        | 3 4 |  4.2
Unarmed Combat | 4 5 6 |  6.3
Fighting       | 4 5 |  5.0
Stealth        | |  2.1

Action                   |  1- 3 |  4- 6 |  7- 9 || total
-------------------------+-------+-------+-------++-------
Melee: Unarmed           |    87 |    24 |    15 ||   126
       Punch             |     3 |     1 |       ||     4
       Mace              |    28 |     3 |       ||    31
       Hand axe          |       |    88 |       ||    88
  Use: Scroll            |       |    13 |       ||    13
Armor: Robe              |     7 |       |       ||     7
       Chain mail        |    75 |    66 |     7 ||   148
Dodge: Dodged            |    48 |    47 |       ||    95

Table legend: (Time is in decaauts)
 A = Elapsed time spent in this place.
 B = Non-inter-level travel time spent in this place.
 C = Inter-level travel time spent in this place.
 D = Time resting spent in this place.
 E = Time spent auto-exploring this place.
 F = Levels seen in this place.
 G = Mean time per level.
                   A        B        C        D        E       F      G
               +--------+--------+--------+--------+--------+-----+--------+
         Total |   4877 |   4669 |    208 |    657 |   3180 |   7 |  696.7 |
       Dungeon |   4796 |   4588 |    208 |    657 |   3180 |   6 |  799.3 |
        Temple |     81 |     81 |      0 |      0 |      0 |   1 |   81.0 |
               +--------+--------+--------+--------+--------+-----+--------+

Top non-repeatable levels by time:
     D:4: 1310 daAuts
     D:1: 1054 daAuts
     D:2: 1032 daAuts
     D:3: 838 daAuts
     D:5: 456 daAuts
     D:6: 104 daAuts
  Temple: 81 daAuts
